 Dungeon Crawl Stone Soup version 0.31.0-32-g396128a36d (webtiles) character file.

Game seed: 5325860713859748541

88 tizbic2 the Sneak (level 4, 0/27 HPs)
             Began as a Kobold Brigand on Apr 8, 2024.
             Slain by a gnoll
             ... wielding a +4 flail
              (12 damage)
             ... on level 3 of the Dungeon.
             The game lasted 00:06:24 (1583 turns).

tizbic2 the Sneak (Kobold Brigand)                  Turns: 1583, Time: 00:06:25

Health: 0/27       AC:  5    Str:  8    XL:     4   Next: 81%
Magic:  5/5        EV: 14    Int: 14    God:
Gold:   165        SH:  0    Dex: 16    Spells: 4/4 levels left

rFire   . . .        n - +1 short sword (venom)
rCold   . . .        (no shield)
rNeg    . . .        b - +0 robe
rPois   .            (no helmet)
rElec   .            c - +0 cloak
rCorr   .            (no gloves)
SInv    .            f - +1 pair of boots
Will    .....        (no amulet)
Stlth   ++++         (no ring)
HPRegen 0.24/turn    (no ring)
MPRegen 0.09/turn

%: no passive effects
@: no status effects
A: small, no large weapons, nightstalker 3
a: no special abilities


You were on level 3 of the Dungeon.
You visited 1 branch of the dungeon, and saw 3 of its levels.

You collected 165 gold pieces.

Inventory:

Hand Weapons
 a - a +3 dagger
 m - a +0 long sword
 n - a +1 short sword of venom (weapon)
Missiles
 d - 12 poisoned darts (quivered)
 e - 3 curare-tipped darts
Armour
 b - a +0 robe (worn)
 c - a +0 cloak (worn)
 f - a +1 pair of boots (worn)
 j - a +0 chain mail
Scrolls
 g - 2 scrolls of fear {unknown}
 i - a scroll of enchant weapon
 k - 2 scrolls of identify {unknown}
 l - 2 scrolls of teleportation {unknown}
Potions
 h - 2 potions of curing {unknown}


   Skills:
 + Level 2.7 Fighting
 + Level 3.5 Short Blades
 * Level 3.4 Throwing
 + Level 2.1 Dodging
 + Level 5.6 Stealth
 + Level 0.8 Spellcasting


You had 4 spell levels left.
You didn't know any spells.
Your spell library contained the following spells:

 Spells                   Type           Power      Damage    Failure   Level
 Call Canine Familiar     Summ           0%         N/A       63%         3
 Sigil of Binding         Hex            0%         N/A       63%         3
 Dimensional Bullseye     Hex/Tloc       0%         N/A       95%         4


Dungeon Overview and Level Annotations

Branches:
Dungeon (3/15)

Altars:
Nemelex Xobeh
The Shining One


Innate Abilities, Weirdness & Mutations

You are small and have problems with some larger weapons.
You are completely attuned to the shadows.


Message History

You miss the adder. The adder misses you.
You barely miss the adder. The adder closely misses you.
You miss the adder. The adder closely misses you.
You completely miss the adder. The adder closely misses you. x2
Throw: 12 darts (poison)
Press: ? - help, Shift-Dir - straight line, f - adder
Aim: an adder (40% to hit)
You throw a poisoned dart. The poisoned dart hits the adder.
The adder is poisoned.
The adder bites you.
You are poisoned.
The adder poisons you!
You hit the adder but do no damage.
The adder looks even sicker.
You feel sick. The adder closely misses you.
You hit the adder.
The adder is heavily wounded.
You feel sick. The adder bites you.
You hit the adder.
The adder is heavily wounded.
You feel sick. The adder closely misses you.
You hit the adder.
The adder looks as sick as possible!
The adder is almost dead.
The adder completely misses you.
You hit the adder.
You kill the adder!
You feel sick.
You feel sick.
d - 12 poisoned darts (gained 1)
You see here an adder corpse.
You feel sick.
You are no longer poisoned.
You see here an adder corpse.
HP restored.
There is a stone staircase leading down here.
You climb downwards.
The gnoll closely misses you. The gnoll hits you but does no damage.
The gnoll hits you with a +4 flail!
There is a stone staircase leading up here.
The gnoll misses you. The gnoll hits you with a +0 flail!
The gnoll hits you with a +4 flail!
You die...

.....#### .#
....gg..##.#
.....##....#
#..?..###..#
#..⌠g⌠###..#
#..._.+....##
#..⌠.⌠####g.#
##.####
#@g... #.g###
#.... ###.##
.#


You could see 3 gnolls.

Vanquished Creatures
  A gnoll (D:3)
  2 adders (D:2)
  A ribbon worm (D:2)
  2 dart slugs
  2 ball pythons
  9 endoplasms
  5 giant cockroaches
  A goblin (D:1)
  3 hobgoblins
  6 jackals
  4 kobolds
  A quokka (D:1)
  4 frilled lizards
  9 rats
50 creatures vanquished.

Notes
Turn   | Place    | Note
-------+----------+-------------------------------------------
     0 | D:1      | tizbic2 the Kobold Brigand began the quest for the Orb.
     0 | D:1      | Reached XP level 1. HP: 12/12 MP: 1/1
    97 | D:1      | Reached XP level 2. HP: 17/17 MP: 2/2
   510 | D:1      | Reached XP level 3. HP: 22/22 MP: 3/3
  1121 | D:2      | Reached XP level 4. HP: 27/27 MP: 4/4
  1193 | D:2      | You fall into a shaft and drop 1 floor!
  1198 | D:3      | Found a sparkling altar of Nemelex Xobeh.
  1291 | D:2      | Found a glowing golden altar of the Shining One.
  1583 | D:3      | Slain by a gnoll

Illustrated notes

Levels and vault maps discovered:
D:1:      erik_arrival_triangle_small, layout_basic
D:2:      layout_basic, basic_altar
D:3:      layout_basic, jmf_multi_god_temple2,
          nemelex_xobeh_ov_fountains_minmay, mainiacjoe_overflow_paths

Skill      XL: |  1  2  3  4 |
---------------+-------------+-----
Short Blades   | 3 |  3.5
Throwing       | 3 |  3.4
Dodging        | 2 |  2.1
Fighting       | |  2.7
Stealth        | |  5.6
Spellcasting   | |  0.8

Action                     |  1- 3 |  4- 6 || total
---------------------------+-------+-------++-------
  Melee: Dagger            |    61 |       ||    61
         Short sword       |    17 |    27 ||    44
  Throw: Dart              |     1 |     1 ||     2
    Use: Scroll            |     2 |       ||     2
   Stab: Sleeping          |    19 |     7 ||    26
         Distracted        |     1 |       ||     1
 Armour: Robe              |    19 |     9 ||    28
  Dodge: Dodged            |    41 |    24 ||    65
